TOP OF THE 1ST |
Beaumont Roughnecks batting - Pitching for Key West Barracudas : RHP Bob Schneider
|
Pitching: RHP Bob Schneider
|
|
Batting: RHB John James
|
0-0: Foul Ball, location: 2F 0-1: Ball 1-1: Swinging Strike 1-2: Strikes out swinging
|
Batting: LHB Enrique Cruz
|
0-0: Ball 1-0: Ball 2-0: Ball 3-0: Called Strike 3-1: Called Strike 3-2: Base on Balls
|
Batting: RHB Jeff Mason
|
Balk! Enrique Cruz to second 0-0: Ball 1-0: Called Strike 1-1: Foul Ball, location: 2F 1-2: Ball 2-2: Ball 3-2: Base on Balls
|
Batting: LHB Roberto Félix
|
0-0: SINGLE (Groundball, 4MD) Enrique Cruz to third Jeff Mason to second
|
Batting: RHB Andrew O'Dell
|
0-0: Ball 1-0: Fielders Choice at 2nd, 6-4 (Groundball, 56) Enrique Cruz scores Jeff Mason to third
|
Batting: RHB Javier Álvarez
|
0-0: Ball 1-0: Called Strike 1-1: Foul Ball, location: 2F 1-2: Foul Ball, location: 2F 1-2: Foul Ball, location: 2F 1-2: Foul Ball, location: 2F 1-2: Foul Ball, location: 2F 1-2: Hit by Pitch Andrew O'Dell to second
|
Batting: RHB António Aguilar
|
0-0: Ball 1-0: Ball 2-0: SINGLE (Groundball, 25) (infield hit) Jeff Mason scores Andrew O'Dell to third Javier Álvarez to second
|
Batting: RHB Miguel Costa
|
0-0: Foul Ball, location: 2F 0-1: Ball 1-1: Foul Ball, location: 2F 1-2: Strikes out looking
|
Top of the 1st over - 2 runs, 2 hits, 0 errors, 3 left on base; Beaumont 2 - Key West 0 |
BOTTOM OF THE 1ST |
Key West Barracudas batting - Pitching for Beaumont Roughnecks : LHP Hunter Johnson
|
Pitching: LHP Hunter Johnson
|
|
Batting: RHB Ramiro Javier
|
0-0: Ball 1-0: Swinging Strike 1-1: Fly out, F3 (Popup, 3F)
|
Batting: RHB Ramón Díaz
|
0-0: Called Strike 0-1: Foul Ball, location: 2F 0-2: Ball 1-2: Foul Ball, location: 2F 1-2: Foul Ball, location: 2F 1-2: Ball 2-2: Foul Ball, location: 2F 2-2: Foul Ball, location: 2F 2-2: Foul Ball, location: 2F 2-2: Foul Ball, location: 2F 2-2: SINGLE (Flyball, 7LM)
|
Batting: RHB Rob DeWitt
|
0-0: Called Strike 0-1: Foul Ball, location: 2F 0-2: Strikes out swinging
|
Batting: RHB Cris Lugo
|
0-0: Foul Ball, location: 2F 0-1: Foul Ball, location: 2F 0-2: Strikes out swinging
|
Bottom of the 1st over - 0 runs, 1 hit, 0 errors, 1 left on base; Beaumont 2 - Key West 0 |
TOP OF THE 2ND |
Beaumont Roughnecks batting - Pitching for Key West Barracudas : RHP Bob Schneider
|
Batting: SHB Walton Locke
|
0-0: Fly out, F9 (Flyball, 89M)
|
Batting: RHB John James
|
0-0: Called Strike 0-1: DOUBLE (Flyball, 89D)
|
Batting: LHB Enrique Cruz
|
0-0: Called Strike 0-1: Ball 1-1: Ball 2-1: Fly out, F4 (Line Drive, 4)
|
Batting: RHB Jeff Mason
|
0-0: Ball 1-0: Foul Ball, location: 2F 1-1: Foul Ball, location: 2F 1-2: Foul Ball, location: 2F 1-2: Ball 2-2: Foul Ball, location: 2F 2-2: Ball 3-2: Base on Balls
|
Batting: LHB Roberto Félix
|
0-0: Called Strike Jeff Mason is caught stealing 2nd base
|
Top of the 2nd over - 0 runs, 1 hit, 0 errors, 1 left on base; Beaumont 2 - Key West 0 |
BOTTOM OF THE 2ND |
Key West Barracudas batting - Pitching for Beaumont Roughnecks : LHP Hunter Johnson
|
Batting: SHB Brock Owens
|
0-0: Ball 1-0: Called Strike 1-1: Swinging Strike 1-2: Fly out, F7 (Flyball, 7D)
|
Batting: LHB Howard White
|
0-0: Ball 1-0: Foul Ball, location: 2F 1-1: Foul Ball, location: 2F 1-2: Ball 2-2: Foul Ball, location: 2F 2-2: Foul Ball, location: 2F 2-2: Foul Ball, location: 2F 2-2: Fly out, F8 (Flyball, 8LD)
|
Batting: RHB Anastasio Zartuche
|
0-0: Swinging Strike 0-1: Ground out 6-3 (Groundball, 6)
|
Bottom of the 2nd over - 0 runs, 0 hits, 0 errors, 0 left on base; Beaumont 2 - Key West 0 |
TOP OF THE 3RD |
Beaumont Roughnecks batting - Pitching for Key West Barracudas : RHP Bob Schneider
|
Batting: LHB Roberto Félix
|
0-0: Ball 1-0: Ball 2-0: Called Strike 2-1: Swinging Strike 2-2: Foul Ball, location: 2F 2-2: Ball 3-2: Strikes out swinging
|
Batting: RHB Andrew O'Dell
|
0-0: Called Strike 0-1: Ball 1-1: Ball 2-1: Swinging Strike 2-2: Ground out 3-1 (Groundball, 34S)
|
Batting: RHB Javier Álvarez
|
0-0: Ball 1-0: Called Strike 1-1: Foul Ball, location: 2F 1-2: Strikes out swinging
|
Top of the 3rd over - 0 runs, 0 hits, 0 errors, 0 left on base; Beaumont 2 - Key West 0 |
BOTTOM OF THE 3RD |
Key West Barracudas batting - Pitching for Beaumont Roughnecks : LHP Hunter Johnson
|
Batting: LHB Mauro Díaz
|
0-0: SINGLE (Line Drive, 9S)
|
Batting: LHB Juan Lima
|
0-0: Ball 1-0: Foul Ball, location: 2F 1-1: Swinging Strike 1-2: Ball 2-2: Ball 3-2: Foul Ball, location: 2F 3-2: Fielders Choice at 2nd, 4-6 (Groundball, 4)
|
Batting: RHB Ramiro Javier
|
0-0: Ball 1-0: Called Strike 1-1: Ball 2-1: Called Strike 2-2: SINGLE (Groundball, 6MD) Juan Lima to second Runner from 2nd tries for 3rd, SAFE, no throw
|
Batting: RHB Ramón Díaz
|
0-0: Ball 1-0: Ball 2-0: Called Strike 2-1: Fly out, F8 (Flyball, 8LS) Runner from 3rd tags up, SCORES, throw made
|
Batting: RHB Rob DeWitt
|
0-0: Ball Ramiro Javier is caught stealing 2nd base
|
Bottom of the 3rd over - 1 run, 2 hits, 0 errors, 0 left on base; Beaumont 2 - Key West 1 |
TOP OF THE 4TH |
Beaumont Roughnecks batting - Pitching for Key West Barracudas : RHP Bob Schneider
|
Batting: RHB António Aguilar
|
0-0: Ball 1-0: Called Strike 1-1: Swinging Strike 1-2: Foul Ball, location: 2F 1-2: SINGLE (Flyball, 78M)
|
Batting: RHB Miguel Costa
|
0-0: Ball 1-0: Called Strike 1-1: Ball 2-1: Swinging Strike 2-2: Ball 3-2: Fly out, F5 (Line Drive, 56S)
|
Batting: SHB Walton Locke
|
0-0: Ball 1-0: Swinging Strike 1-1: Ball 2-1: SINGLE (Line Drive, 89M) António Aguilar to second
|
Batting: RHB John James
|
0-0: Called Strike António Aguilar steals 3rd base Walton Locke to second 0-1: Ball 1-1: Fly out, F8 (Flyball, 8LM) Runner from 3rd tags up, OUT at HOME
|
Top of the 4th over - 0 runs, 2 hits, 0 errors, 1 left on base; Beaumont 2 - Key West 1 |
BOTTOM OF THE 4TH |
Key West Barracudas batting - Pitching for Beaumont Roughnecks : LHP Hunter Johnson
|
Batting: RHB Rob DeWitt
|
0-0: Called Strike 0-1: Fly out, F9 (Flyball, 9LMF)
|
Batting: RHB Cris Lugo
|
0-0: Ball 1-0: Fly out, F3 (Popup, 3L)
|
Batting: SHB Brock Owens
|
0-0: Called Strike 0-1: Foul Ball, location: 2F 0-2: Strikes out swinging
|
Bottom of the 4th over - 0 runs, 0 hits, 0 errors, 0 left on base; Beaumont 2 - Key West 1 |
TOP OF THE 5TH |
Beaumont Roughnecks batting - Pitching for Key West Barracudas : RHP Bob Schneider
|
Batting: LHB Enrique Cruz
|
0-0: Ball 1-0: Ball 2-0: Foul Ball, location: 2F 2-1: Foul Ball, location: 2F 2-2: Ball 3-2: Foul Ball, location: 2F 3-2: Ground out 4-3 (Groundball, 34D)
|
Batting: RHB Jeff Mason
|
0-0: Called Strike 0-1: Fly out, F5 (Flyball, 56D)
|
Batting: LHB Roberto Félix
|
0-0: Ball 1-0: Called Strike 1-1: Ball 2-1: Ball 3-1: Foul Ball, location: 2F 3-2: Strikes out looking
|
Top of the 5th over - 0 runs, 0 hits, 0 errors, 0 left on base; Beaumont 2 - Key West 1 |
BOTTOM OF THE 5TH |
Key West Barracudas batting - Pitching for Beaumont Roughnecks : LHP Hunter Johnson
|
Batting: LHB Howard White
|
0-0: Called Strike 0-1: Ball 1-1: Foul Ball, location: 2F 1-2: Ball 2-2: Foul Ball, location: 2F 2-2: Ball 3-2: Strikes out swinging
|
Batting: RHB Anastasio Zartuche
|
0-0: Ball 1-0: Called Strike 1-1: Ground out 5-3 (Groundball, 5L)
|
Batting: LHB Mauro Díaz
|
0-0: Ball 1-0: Called Strike 1-1: Ball 2-1: Ball 3-1: Foul Ball, location: 2F 3-2: Base on Balls
|
Batting: LHB Juan Lima
|
0-0: Ground out 2-3 (Groundball, 2L)
|
Bottom of the 5th over - 0 runs, 0 hits, 0 errors, 1 left on base; Beaumont 2 - Key West 1 |
TOP OF THE 6TH |
Beaumont Roughnecks batting - Pitching for Key West Barracudas : RHP Bob Schneider
|
Batting: RHB Andrew O'Dell
|
0-0: Called Strike 0-1: Foul Ball, location: 2F 0-2: Foul Ball, location: 2F 0-2: Ball 1-2: Ground out 4-3 (Groundball, 4)
|
Batting: RHB Javier Álvarez
|
0-0: Fly out, F9 (Flyball, 9S)
|
Batting: RHB António Aguilar
|
0-0: Ground out 6-3 (Groundball, 6)
|
Top of the 6th over - 0 runs, 0 hits, 0 errors, 0 left on base; Beaumont 2 - Key West 1 |
BOTTOM OF THE 6TH |
Key West Barracudas batting - Pitching for Beaumont Roughnecks : LHP Hunter Johnson
|
Batting: RHB Ramiro Javier
|
0-0: Ball 1-0: DOUBLE (Line Drive, 9LS)
|
Batting: RHB Ramón Díaz
|
0-0: Foul Ball, location: 2F 0-1: Fly out, F8 (Flyball, 8RM)
|
Pitching: RHP Enrique Paredes
|
|
Batting: RHB Rob DeWitt
|
0-0: Swinging Strike 0-1: Swinging Strike 0-2: Ball 1-2: Ball 2-2: Fly out, F5 (Line Drive, 5)
|
Batting: RHB Cris Lugo
|
0-0: Ball 1-0: Ball 2-0: Foul Ball, location: 2F 2-1: Ball 3-1: Base on Balls
|
Batting: SHB Brock Owens
|
0-0: Ball 1-0: Called Strike 1-1: Called Strike 1-2: Ball 2-2: SINGLE (Groundball, 56D) Ramiro Javier to third Cris Lugo to second Runner from 3rd tries for Home, SAFE, no throw
|
Batting: LHB Howard White
|
0-0: Foul Ball, location: 2F 0-1: Swinging Strike 0-2: Strikes out swinging
|
Bottom of the 6th over - 1 run, 2 hits, 0 errors, 2 left on base; Beaumont 2 - Key West 2 |
TOP OF THE 7TH |
Beaumont Roughnecks batting - Pitching for Key West Barracudas : RHP Bob Schneider
|
Pitching: RHP Mathew Wilcox
|
|
Batting: RHB Miguel Costa
|
0-0: Swinging Strike 0-1: Ball 1-1: Ground out U3 (Groundball, 34S)
|
Batting: SHB Walton Locke
|
0-0: Ball 1-0: Called Strike 1-1: Ball 2-1: Foul Ball, location: 2F 2-2: Ground out 4-3 (Groundball, 4)
|
Batting: RHB John James
|
0-0: DOUBLE (Groundball, 5L)
|
Batting: LHB Enrique Cruz
|
0-0: Ball 1-0: Ball 2-0: Called Strike 2-1: Ball 3-1: SINGLE (Groundball, 34D) John James to third Runner from 3rd tries for Home, SAFE, no throw
|
Batting: RHB Jeff Mason
|
0-0: Called Strike 0-1: Fly out, F8 (Flyball, 8LD)
|
Top of the 7th over - 1 run, 2 hits, 0 errors, 1 left on base; Beaumont 3 - Key West 2 |
BOTTOM OF THE 7TH |
Key West Barracudas batting - Pitching for Beaumont Roughnecks : RHP Enrique Paredes
|
Batting: RHB Anastasio Zartuche
|
0-0: Ball 1-0: Called Strike 1-1: Ball 2-1: SINGLE (Line Drive, 5D)
|
Batting: LHB Mauro Díaz
|
0-0: Called Strike 0-1: Called Strike 0-2: Foul Ball, location: 2F 0-2: Strikes out looking
|
Batting: LHB Juan Lima
|
0-0: Called Strike 0-1: Ball 1-1: Foul Ball, location: 2F 1-2: Foul Ball, location: 2F 1-2: Ground out U3 (Groundball, 3S) Anastasio Zartuche to second
|
Batting: RHB Ramiro Javier
|
0-0: Called Strike 0-1: Ball Wild Pitch! Anastasio Zartuche to third 1-1: Swinging Strike 1-2: Foul Ball, location: 2F 1-2: Strikes out swinging
|
Bottom of the 7th over - 0 runs, 1 hit, 0 errors, 1 left on base; Beaumont 3 - Key West 2 |
TOP OF THE 8TH |
Beaumont Roughnecks batting - Pitching for Key West Barracudas : RHP Mathew Wilcox
|
Batting: LHB Roberto Félix
|
0-0: Ground out 4-3 (Groundball, 4)
|
Batting: RHB Andrew O'Dell
|
0-0: Ball 1-0: Ball 2-0: Called Strike 2-1: Foul Ball, location: 2F 2-2: Fly out, F8 (Flyball, 8LD)
|
Batting: RHB Javier Álvarez
|
0-0: Ball 1-0: Ball 2-0: Foul Ball, location: 2F 2-1: Fly out, F6 (Flyball, 56D)
|
Top of the 8th over - 0 runs, 0 hits, 0 errors, 0 left on base; Beaumont 3 - Key West 2 |
BOTTOM OF THE 8TH |
Key West Barracudas batting - Pitching for Beaumont Roughnecks : RHP Enrique Paredes
|
Batting: RHB Ramón Díaz
|
0-0: Foul Ball, location: 2F 0-1: Ball 1-1: Ball 2-1: SINGLE (Flyball, 7S)
|
Pinch Hitting: SHB Eric Pimentel
|
0-0: Swinging Strike 0-1: Called Strike 0-2: Strikes out looking
|
Batting: RHB Cris Lugo
|
0-0: Called Strike 0-1: Ball 1-1: Ground out 5-3 (Groundball, 25) Ramón Díaz to second
|
Batting: SHB Brock Owens
|
0-0: Ball 1-0: Called Strike 1-1: Fly out, F8 (Flyball, 78D)
|
Bottom of the 8th over - 0 runs, 1 hit, 0 errors, 1 left on base; Beaumont 3 - Key West 2 |
TOP OF THE 9TH |
Beaumont Roughnecks batting - Pitching for Key West Barracudas : RHP Mathew Wilcox
|
Now in CF: Jorge Hernández
|
|
Batting: RHB António Aguilar
|
0-0: Ball 1-0: Ball 2-0: Foul Ball, location: 2F 2-1: Called Strike 2-2: Ground out 3-1 (Groundball, 34S)
|
Batting: RHB Miguel Costa
|
0-0: Ball 1-0: Foul Ball, location: 2F 1-1: Called Strike 1-2: Strikes out swinging
|
Batting: SHB Walton Locke
|
0-0: Called Strike 0-1: Ball 1-1: Ball 2-1: Ball 3-1: Base on Balls
|
Batting: RHB John James
|
0-0: Called Strike 0-1: Called Strike 0-2: Ball 1-2: SINGLE (Line Drive, 89S) Walton Locke to second Runner from 2nd tries for 3rd, SAFE, no throw
|
Batting: LHB Enrique Cruz
|
0-0: Ball 1-0: Fly out, F8 (Flyball, 8RM)
|
Top of the 9th over - 0 runs, 1 hit, 0 errors, 2 left on base; Beaumont 3 - Key West 2 |
BOTTOM OF THE 9TH |
Key West Barracudas batting - Pitching for Beaumont Roughnecks : RHP Enrique Paredes
|
Batting: LHB Howard White
|
0-0: Ball 1-0: Ground out 4-3 (Groundball, 4)
|
Batting: RHB Anastasio Zartuche
|
0-0: Called Strike 0-1: Foul Ball, location: 2F 0-2: Ball 1-2: Ball 2-2: Ground out 6-3 (Groundball, 56D)
|
Batting: LHB Mauro Díaz
|
0-0: Ball 1-0: Ball 2-0: Ball 3-0: Called Strike 3-1: Called Strike 3-2: Foul Ball, location: 2F 3-2: Foul Ball, location: 2F 3-2: Base on Balls
|
Batting: LHB Juan Lima
|
0-0: Fly out, F9 (Line Drive, 9)
|
Bottom of the 9th over - 0 runs, 0 hits, 0 errors, 1 left on base; Beaumont 3 - Key West 2 |
|